Map: Ulrena

Players

artorias

  • Race: Protoss Protoss
  • Spawn Location: 11:00

zidar - Winner!

  • Race: Zerg Zerg
  • League: Gold
  • Spawn Location: 7:00

VOD

Have the link to the VOD?

Description

Time

  • Played on: June 11, 2016, 12:44 p.m.
  • Length: 14:06
Show
View Real Time Build Order
Export as new Build Order

artorias Protoss 

Build Orders: 1 Gate Expand, Blink Stalkers 

Get SALT Encoding   

  12  0:00  Probe (Chrono Boost)  
  13  0:11  Probe (Chrono Boost)  
  14  0:24  Pylon  
  14  0:27  Probe (Chrono Boost)  
  15  0:42  Gateway, Probe (Chrono Boost)  
  16  0:53  Probe (Chrono Boost)  
  17  1:04  Probe (Chrono Boost)  
  18  1:15  Probe (Chrono Boost)  
  19  1:23  Nexus  
  19  1:34  Assimilator  
  19  1:43  Probe (Chrono Boost), Assimilator  
  19  1:44  Cybernetics Core  
  20  2:10  Pylon  
  20  2:18  Probe (Chrono Boost)  
  21  2:29  Probe (Chrono Boost)  
  22  2:38  Twilight Council  
  22  2:41  Probe (Chrono Boost)  
  23  2:46  Sentry  
  25  2:51  Probe (Chrono Boost)  
  26  3:02  Probe (Chrono Boost)  
  26  3:03  Pylon  
  27  3:09  Mothership Core (Chrono Boost)  
  30  3:13  Probe (Chrono Boost)  
  30  3:14  Gateway  
  30  3:15  Warp Gate (Chrono Boost)  
  30  3:16  Gateway  
  29  3:25  Gateway  
  29  3:28  Probe  
  29  3:31  Probe  
  31  3:40  Probe  
  32  3:42  Probe  
  32  3:47  Blink (Chrono Boost)  
  33  3:52  Probe  
  33  3:54  Stalker  
  36  4:04  Probe  
  36  4:09  Probe  
  38  4:16  Probe, Stalker x2  
  43  4:21  Probe, Stalker  
  46  4:29  Probe  
  47  4:33  Probe  
  47  4:37  Assimilator  
  48  4:39  Assimilator  
  48  4:41  Probe  
  48  4:43  Pylon  
  48  4:45  Probe  
  50  4:53  Probe  
  50  4:57  Probe  
  52  5:05  Probe  
  53  5:16  Robotics Facility  
  53  5:17  Probe  
  53  5:18  Stalker  
  53  5:19  Stalker x2  
  60  5:26  Pylon  
  58  5:55  Pylon  
  58  5:58  Probe  
  58  6:03  Stalker  
  61  6:08  Pylon  
  62  6:11  Probe (Chrono Boost)  
  62  6:12  Pylon  
  62  6:20  Robotics Facility  
  62  6:23  Pylon  
  62  6:26  Stalker  
  62  6:27  Stalker x3  
  70  6:35  Charge  
  70  6:38  Nexus  
  70  6:41  Pylon  
  70  6:57  Templar Archives  
  70  7:00  Stalker x4, Pylon  
  78  7:22  Probe (Chrono Boost)  
  79  7:25  Observer  
  80  7:32  Probe (Chrono Boost), Zealot x4  
  89  7:40  Forge  
  89  7:44  Gateway  
  89  7:45  Gateway  
  89  7:47  Forge  
  89  7:52  Pylon  
  89  7:58  High Templar x2  
  89  7:59  High Templar x2  
  97  8:09  Warp Prism  
  99  8:13  Archon  
  97  8:29  Probe (Chrono Boost)  
  97  8:31  Probe (Chrono Boost)  
  97  8:32  Probe (Chrono Boost)  
  97  8:33  Zealot x4  
  108  8:35  Protoss Ground Weapons Level 1 (Chrono Boost), Protoss Ground Armor Level 1 (Chrono Boost)  
  108  8:39  Probe (Chrono Boost)  
  109  8:42  Probe (Chrono Boost)  
  109  8:44  Probe (Chrono Boost)  
  111  8:50  Probe (Chrono Boost)  
  111  8:52  Probe (Chrono Boost)  
  111  8:55  High Templar x3  
  117  8:56  High Templar  
  117  9:00  Zealot x2  
  125  9:06  Archon x2  
  125  9:16  Pylon  
  125  9:18  Pylon  
  125  9:19  Pylon  
  125  9:20  Probe (Chrono Boost), Pylon  
  126  9:24  Assimilator  
  126  9:27  Assimilator  
  126  9:30  Probe (Chrono Boost)  
  127  9:32  Zealot x3  
  133  9:39  Probe  
  133  9:44  High Templar  
  133  9:45  High Templar x2  
  140  9:50  Probe  
  140  9:51  Archon  
  140  9:52  Psionic Storm  
  141  9:53  Archon  
  141  10:01  Probe  
  142  10:21  Gateway  
  142  10:23  Gateway  
  142  10:24  Gateway  
  142  10:29  Photon Cannon  
  142  10:33  Protoss Ground Weapons Level 2  
  142  10:35  Photon Cannon  
  142  10:38  Photon Cannon  
  142  10:40  High Templar x2, Photon Cannon  
  142  10:41  High Templar x2  
  142  10:42  Zealot x2  
  154  10:44  Archon  
  154  10:45  Archon  
  154  10:50  Pylon  
  154  10:55  Pylon  
  154  11:14  High Templar x3  
  160  11:19  Zealot x2  
  160  11:20  Zealot  
  166  11:29  Nexus  
  166  11:31  Pylon  
  166  11:33  Pylon  
  166  11:35  Pylon  
  166  11:39  Observer  
  167  11:51  High Templar x2  
  171  12:01  Observer  
  172  12:05  High Templar  
  172  12:06  High Templar  
  176  12:12  Zealot x4  
  176  12:13  Zealot  
  186  12:22  Observer  
  176  12:44  High Templar x2  
  176  12:45  High Templar x2  
  176  12:46  Zealot  
  176  12:47  Zealot x4  
  194  12:59  Nexus  
  194  13:00  Observer  
  195  13:10  Assimilator  
  195  13:13  Assimilator  
  74  13:37  High Templar x2  
  74  13:38  High Templar x3  
  74  13:39  Zealot x3  
  74  13:40  Zealot  
  94  14:01  Archon x2  
Show
View Real Time Build Order
Export as new Build Order

zidar Zerg - Winner!

Build Orders: Pool First, Lurkers 

Get SALT Encoding   

  12  0:01  Drone  
  13  0:12  Overlord  
  13  0:17  Drone  
  14  0:30  Drone x2  
  14  0:34  Drone  
  17  0:49  Spawning Pool  
  16  0:50  Drone  
  17  1:16  Hatchery, Drone  
  17  1:19  Extractor  
  17  1:22  Drone  
  17  1:29  Overlord  
  17  1:40  Drone x2  
  19  1:48  Queen  
  21  2:00  Drone  
  22  2:10  Drone  
  22  2:13  Overlord  
  23  2:21  Metabolic Boost  
  23  2:23  Queen  
  24  2:41  Roach Warren  
  24  2:42  Drone  
  24  2:54  Extractor  
  24  2:57  Pneumatized Carapace  
  23  3:27  Hatchery  
  23  3:29  Overlord x2  
  22  3:35  Zergling x6  
  25  3:42  Drone  
  26  4:05  Drone  
  26  4:06  Drone x3  
  26  4:07  Evolution Chamber  
  29  4:11  Drone  
  30  4:28  Queen  
  32  4:36  Zergling x6  
  32  4:38  Zergling x2  
  36  4:49  Queen  
  38  5:05  Lair  
  38  5:10  Drone x3  
  38  5:12  Extractor x2  
  38  5:13  Drone  
  40  5:23  Drone x3  
  39  5:51  Zergling x20  
  39  5:53  Roach  
  51  6:10  Roach x4  
  59  6:32  Zerg Melee Weapons Level 1  
  59  6:40  Drone x5  
  59  6:41  Hydralisk Den, Drone  
  59  6:43  Evolution Chamber  
  63  7:00  Overlord x3  
  63  7:01  Overlord x2  
  62  7:28  Drone x8  
  70  7:33  Drone x4  
  74  7:41  Zerg Ground Armor Level 1  
  74  7:43  Muscular Augments  
  74  7:47  Drone x2  
  76  8:14  Hydralisk x3  
  76  8:15  Hydralisk x4  
  84  8:31  Ravager  
  84  8:32  Ravager x4  
  89  8:36  Overlord x2  
  89  8:37  Overlord x2  
  89  8:40  Zerg Missile Weapons Level 1  
  89  8:50  Zergling x2  
  90  8:58  Drone x3  
  90  9:00  Drone x3  
  90  9:02  Drone x3  
  99  9:08  Extractor  
  98  9:12  Extractor  
  98  9:14  Lurker Den  
  97  9:20  Hydralisk  
  97  9:21  Hydralisk x4  
  97  9:22  Zergling x4  
  109  9:40  Drone x4  
  109  9:44  Hydralisk x4  
  121  9:49  Overlord x3  
  121  10:09  Infestation Pit  
  121  10:11  Hatchery  
  119  10:16  Zerg Ground Armor Level 2  
  119  10:26  Drone  
  120  10:33  Hydralisk x9  
  120  10:35  Roach x4  
  146  10:39  Zerg Melee Weapons Level 2  
  146  10:46  Hive  
  146  11:05  Overlord x4  
  146  11:06  Overlord  
  146  11:23  Drone x3  
  149  11:28  Lurker  
  149  11:29  Lurker x4  
  149  11:30  Lurker x2  
  149  11:31  Lurker  
  157  12:01  Hydralisk  
  157  12:02  Hydralisk x9  
  157  12:07  Zergling x2  
  157  12:08  Zergling x22  
  189  12:11  Adrenal Glands  
  189  12:23  Overseer  
  187  12:44  Overlord x2  
  187  12:45  Overlord x2  
  187  13:01  Overlord x2  
  79  13:29  Zergling x32  
  79  13:30  Zergling x20  
  105  13:38  Hydralisk x5  
Tags
 
Add a new tag
Caveats
  • Supply blocks, unpowered buildings, or Contaminate may cause inaccurate times.
  • Supply counts are checked every 10 seconds.